 Dungeon Crawl Stone Soup version 0.30-a0-364-gf6b3ef1049 (webtiles) character file.

Game seed: 9968455700730065708

2739 vineage the Fighter (level 9, -1/69 HPs)
             Began as a Gargoyle Fighter on Nov 15, 2022.
             Slain by an orc warrior
             ... wielding a +0 trident of freezing
              (4 damage)
             ... on level 6 of the Dungeon.
             The game lasted 00:08:52 (4929 turns).

vineage the Fighter (Gargoyle Fighter)              Turns: 4929, Time: 00:08:53

Health: -1/69      AC: 20    Str: 24    XL:     9   Next: 68%
Magic:  9/9        EV:  8    Int:  9    God:
Gold:   257        SH:  0    Dex:  9    Spells: 8/8 levels left

rFire   . . .      SeeInvis .    e - +2 quarterstaff (speed)
rCold   . . .      Faith    .    (shield currently unavailable)
rNeg    + . .      Spirit   .    p - +0 chain mail
rPois   ∞          Reflect  .    m - +0 helmet
rElec   +          Harm     .    (no cloak)
rCorr   .          Rampage  .    k - +0 pair of gloves
Will    .....                    i - +0 pair of boots
Stlth   ..........               (no amulet)
HPRegen 0.31/turn                (no ring)
MPRegen 0.11/turn                (no ring)

@: mighty
A: sickness immunity, AC +6, negative energy resistance 1, electricity
resistance, torment resistance 1, petrification resistance, sense surroundings
1, shaggy fur 1, inability to read after injury 1, MP-powered wands
a: no special abilities


You were on level 6 of the Dungeon.
You visited 1 branch of the dungeon, and saw 6 of its levels.

You collected 257 gold pieces.

Inventory:

Hand Weapons
 a - a +0 flail
 e - a +2 quarterstaff of speed (weapon)
Armour
 c - a +0 buckler
 i - a +0 pair of boots (worn)
 k - a +0 pair of gloves (worn)
 m - a +0 helmet (worn)
 p - a +0 chain mail (worn)
Scrolls
 b - 2 scrolls of teleportation
 g - a scroll of amnesia
Potions
 d - a potion of might
 f - a potion of resistance {unknown}
 h - 2 potions of lignification {unknown}
 j - 2 potions of degeneration {unknown}
 l - a potion of heal wounds
 n - a potion of brilliance {unknown}
 o - 2 potions of cancellation
 q - 2 potions of magic {unknown}
 r - a potion of attraction {unknown}
 t - 2 potions of curing {unknown}
 u - a potion of berserk rage {unknown}


   Skills:
 * Level 14.2 Fighting
 - Level 2.1 Maces & Flails
 - Level 3.3 Armour
 - Level 3.3 Shields


You had 8 spell levels left.
You didn't know any spells.
Your spell library contained the following spells:

 Spells                   Type           Power      Damage    Failure   Level
 Ensorcelled Hibernation  Hex/Ice        0%         N/A       99%         2
 Spider Form              Tmut/Pois      0%         N/A       100%        3
 Anguish                  Hex/Necr       0%         N/A       100%        4


Dungeon Overview and Level Annotations

Branches:
Dungeon (6/15)
 Temple: D:4-7

Altars:
Cheibriados
Kikubaaqudgha


Innate Abilities, Weirdness & Mutations

You are immune to sickness and miasma.
Your stone body is resilient. (AC +6)
You are immune to poison.
You resist negative energy. (rN+)
You are resistant to electric shocks. (rElec)
You are resistant to unholy torment.
You are immune to petrification.
You passively map a small area around you.
You are covered in fur. (AC +1)
You occasionally lose the ability to read scrolls when taking damage.
You expend magic power (3 MP) to strengthen your wands.


Message History

You thump the orc!
You kill the orc!
The orc warrior hits you but does no damage.
The orc warrior completely misses you.
Items here: )) [ †.
You sock the orc warrior!
The orc warrior is heavily wounded.
The orc warrior hits you with a +0 trident of freezing.
* * * LOW HITPOINT WARNING * * *
The orc warrior freezes you.
* * * LOW HITPOINT WARNING * * *
You completely miss the orc warrior.
The orc warrior is heavily wounded.
The orc warrior barely misses you.
You closely miss the orc warrior.
The orc warrior is heavily wounded.
The orc warrior closely misses you.
You hit the orc warrior.
The orc warrior is heavily wounded.
The orc warrior attacks as you move away!
The orc warrior closely misses you. x2
You closely miss the ice beast. The ice beast barely misses you.
You bludgeon the ice beast!!
The ice beast is severely wounded.
The orc warrior hits you but does no damage.
The ice beast hits you but does no damage.
You hit the ice beast.
The ice beast is almost dead.
The orc warrior hits you but does no damage.
The ice beast hits you but does no damage.
You thump the ice beast!
You kill the ice beast!
The orc warrior hits you from afar with a +0 trident of freezing!
You feel threatened and lose the ability to read scrolls!
* * * LOW HITPOINT WARNING * * *
The orc warrior freezes you.
* * * LOW HITPOINT WARNING * * *
You can read scrolls again.
The orc warrior hits you with a +0 trident of freezing.
You die...

#.............#.,...
#.#..##.......#. .. ..
#.#...........#.#.###.#
†...............>.....#
###......###.....)....#
.#######.###,##..###.###
** ....# #...# *#.........
.##.######.# ##o#####.# *
* .##.#...<#.#, #@#
.##.#.##.#.# #.# , *
..#........#.###.#####.#
...##......#...........#
...##...#.######.#######
......#.#.....##.#########
...##.#.#####.##.##......#
........## #.....#......#
...###...# ####..#......#


You could see an orc warrior.

Vanquished Creatures
  Pikel (D:5)
  Maggie (D:6)
  Eustachio (D:5)
  A black bear (D:6)
  A sky beast (D:6)
  An orc warrior (D:5)
  3 ice beasts
  2 ogres
  2 lemures (D:5)
  Blork the orc (D:6)
  A bullfrog (D:6)
  A necrophage (D:4)
  2 scorpions
  2 hounds
  6 orc priests
  5 iguanas
  8 orc wizards
  Robin (D:3)
  8 adders
  2 shadow imps (D:4)
  A white imp (D:4)
  An ufetubus (D:5)
  2 worms (D:4)
  4 dart slugs
  20 orcs
  5 endoplasms
  5 giant cockroaches
  12 goblins
  11 hobgoblins
  8 jackals
  11 ball pythons
  6 bats
  5 frilled lizards
  9 kobolds
  10 rats
160 creatures vanquished.

Vanquished Creatures (others)
  5 demonic plants (D:4)
5 creatures vanquished.

Grand Total: 165 creatures vanquished

Notes
Turn   | Place    | Note
-------+----------+-------------------------------------------
     0 | D:1      | vineage the Gargoyle Fighter began the quest for the Orb.
     0 | D:1      | Reached XP level 1. HP: 14/14 MP: 1/1
    60 | D:1      | Reached XP level 2. HP: 17/20 MP: 2/2
   123 | D:1      | Reached skill level 4 in Fighting
   680 | D:1      | Found a faded altar of an unknown god.
   689 | D:1      | Reached XP level 3. HP: 24/24 MP: 3/3
  1139 | D:2      | Reached skill level 5 in Fighting
  1164 | D:2      | Found an ancient bone altar of Kikubaaqudgha.
  1393 | D:2      | Reached XP level 4. HP: 30/31 MP: 4/4
  1465 | D:2      | Gained mutation: You sometimes lose your temper in combat.
                  | [potion of mutation]
  1465 | D:2      | Gained mutation: You are partially covered in iridescent
                  | scales. (AC +2) [potion of mutation]
  1465 | D:2      | Gained mutation: Your flesh is heat resistant. (rF+)
                  | [potion of mutation]
  1486 | D:2      | Lost mutation: You sometimes lose your temper in combat.
                  | [potion of mutation]
  1486 | D:2      | Lost mutation: Your flesh is heat resistant. (rF+) [potion
                  | of mutation]
  1486 | D:2      | Lost mutation: You are partially covered in iridescent
                  | scales. (AC +2) [potion of mutation]
  1486 | D:2      | Gained mutation: You occasionally lose the ability to drink
                  | potions when taking damage. [potion of mutation]
  1486 | D:2      | Gained mutation: You are partially covered in iridescent
                  | scales. (AC +2) [potion of mutation]
  1486 | D:2      | Gained mutation: Your body sometimes deteriorates upon
                  | taking damage. [potion of mutation]
  1487 | D:2      | Lost mutation: You occasionally lose the ability to drink
                  | potions when taking damage. [potion of mutation]
  1487 | D:2      | Lost mutation: You are partially covered in iridescent
                  | scales. (AC +2) [potion of mutation]
  1487 | D:2      | Gained mutation: You are partially covered in large bone
                  | plates. (SH +4) [potion of mutation]
  1487 | D:2      | Gained mutation: You expend magic power (3 MP) to
                  | strengthen your wands. [potion of mutation]
  1723 | D:3      | Reached skill level 6 in Fighting
  1723 | D:3      | Reached XP level 5. HP: 18/36 MP: 5/5
  1915 | D:3      | Noticed Robin
  1955 | D:3      | Killed Robin
  2030 | D:3      | Identified the +7 hand axe of Objectivity {protect, Int+5}
  2361 | D:3      | Found a snail-covered altar of Cheibriados.
  2486 | D:4      | Reached skill level 7 in Fighting
  2522 | D:4      | Reached XP level 6. HP: 26/44 MP: 6/6
  2713 | D:4      | Noticed an ice beast
  2726 | D:4      | Killed an ice beast
  2727 | D:4      | Reached skill level 8 in Fighting
  2732 | D:4      | Reached XP level 7. HP: 38/50 MP: 7/7
  3064 | D:4      | Reached skill level 9 in Fighting
  3574 | D:5      | Entered Level 5 of the Dungeon
  3894 | D:5      | Noticed Pikel
  3917 | D:5      | Reached skill level 10 in Fighting
  3917 | D:5      | Reached XP level 8. HP: 57/57 MP: 8/8
  3942 | D:5      | Killed Pikel
  3943 | D:5      | Reached skill level 11 in Fighting
  4227 | D:5      | Reached skill level 12 in Fighting
  4261 | D:5      | Noticed Eustachio
  4296 | D:5      | Killed Eustachio
  4324 | D:5      | Reached XP level 9. HP: 65/66 MP: 9/9
  4502 | D:5      | Lost mutation: You are partially covered in large bone
                  | plates. (SH +4) [potion of mutation]
  4502 | D:5      | Lost mutation: Your body sometimes deteriorates upon taking
                  | damage. [potion of mutation]
  4502 | D:5      | Gained mutation: You occasionally lose the ability to read
                  | scrolls when taking damage. [potion of mutation]
  4502 | D:5      | Gained mutation: You are covered in fur. (AC +1) [potion of
                  | mutation]
  4502 | D:5      | Gained mutation: You passively map a small area around you.
                  | [potion of mutation]
  4598 | D:6      | Noticed Blork the orc
  4605 | D:6      | Killed Blork the orc
  4648 | D:6      | Reached skill level 13 in Fighting
  4892 | D:6      | Noticed Maggie
  4908 | D:6      | Killed Maggie
  4909 | D:6      | Reached skill level 14 in Fighting
  4928 | D:6      | HP: 3/69 [orc warrior/+0 trident of freezing (2)]
  4929 | D:6      | Slain by an orc warrior

Illustrated notes

Levels and vault maps discovered:
D:1:      minmay_arrival_nine_rooms, layout_basic,
          dreamdust_ecumenical_altar_sealed_demon
D:2:      layout_loops_cross, basic_altar, nicolae_elevator_lobby_asterisk
D:3:      layout_basic, lemuel_doored_altar, fountainhead, uniq_robin
D:4:      layout_loops_corners, serial_demonic, serial_demonic_e,
          serial_demonic_d, serial_demonic_b, serial_demonic_e
D:5:      layout_basic, minmay_misc_feat_room, st_stairs_1, uniq_eustachio,
          uniq_pikel
D:6:      layout_basic, uniq_blork_the_orc, uniq_maggie

Skill      XL: |  1  2  3  4  5  6  7  8  9 |
---------------+----------------------------+-----
Fighting       | 4 5 6 7 8 10 12 14 | 14.2
Maces & Flails | |  2.1
Armour         | |  3.3
Shields        | |  3.3

Action                   |  1- 3 |  4- 6 |  7- 9 || total
-------------------------+-------+-------+-------++-------
Melee: Quarterstaff      |    86 |   176 |   350 ||   612
       Flail             |     6 |       |       ||     6
  Use: Scroll            |     1 |     7 |     2 ||    10
       Potion            |       |     3 |     2 ||     5
Armor: Scale mail        |    50 |     1 |       ||    51
       Chain mail        |       |    95 |   212 ||   307
Dodge: Dodged            |    42 |    46 |    98 ||   186
Block: Buckler           |     2 |       |       ||     2
       Other             |       |    26 |    27 ||    53

Table legend: (Time is in decaauts)
 A = Elapsed time spent in this place.
 B = Non-inter-level travel time spent in this place.
 C = Inter-level travel time spent in this place.
 D = Time resting spent in this place.
 E = Time spent auto-exploring this place.
 F = Levels seen in this place.
 G = Mean time per level.
                   A        B        C        D        E       F      G
               +--------+--------+--------+--------+--------+-----+--------+
         Total |   4839 |   4609 |    230 |      0 |   3586 |   6 |  806.5 |
       Dungeon |   4839 |   4609 |    230 |      0 |   3586 |   6 |  806.5 |
               +--------+--------+--------+--------+--------+-----+--------+

Top non-repeatable levels by time:
     D:4: 1099 daAuts
     D:1: 1027 daAuts
     D:5: 901 daAuts
     D:3: 796 daAuts
     D:2: 615 daAuts
     D:6: 398 daAuts
